Map: Dusk Towers

Players

capac

  • Race: Terran Terran
  • League: Gold

Mayday - Winner!

  • Race: Zerg Zerg
  • League: Silver

VOD

Have the link to the VOD?

Description

Time

  • Played on: April 25, 2016, 6:48 p.m.
  • Length: 20:54
Show
View Real Time Build Order
Export as new Build Order

capac Terran 

Build Orders: Reaper Expand, MMM Bio 

Get SALT Encoding   

  12  0:10  SCV  
  13  0:18  Supply Depot  
  13  0:22  SCV  
  14  0:34  SCV  
  15  0:42  Barracks  
  15  0:45  Refinery  
  15  0:46  SCV  
  16  0:58  SCV  
  17  1:10  SCV  
  18  1:22  SCV  
  19  1:33  Reaper  
  19  1:35  Orbital Command  
  20  1:47  Command Center  
  20  1:54  Supply Depot  
  20  2:02  SCV  
  20  2:05  Marine  
  22  2:21  Refinery, Factory  
  22  2:23  Barracks  
  22  2:28  Barracks Tech Lab  
  22  2:31  SCV  
  23  2:43  SCV  
  24  2:46  Marine  
  25  2:55  SCV  
  26  3:10  Starport  
  26  3:19  Barracks Tech Lab  
  26  3:22  Orbital Command  
  26  3:24  SCV  
  27  3:35  Barracks  
  27  3:36  Barracks, Siege Tank  
  30  3:42  SCV  
  31  3:49  Barracks Reactor  
  31  3:54  SCV, Medivac  
  34  4:01  Supply Depot  
  34  4:06  Marine  
  35  4:14  SCV x2  
  37  4:22  Engineering Bay  
  37  4:24  Supply Depot  
  37  4:28  Refinery  
  37  4:29  Barracks Reactor  
  37  4:31  Marine x2  
  37  4:38  Barracks Reactor  
  39  4:42  Viking  
  39  4:44  SCV x2  
  43  5:02  Siege Tank  
  46  5:08  Marine x4  
  50  5:21  Marine x3  
  50  5:24  Starport Reactor  
  50  5:27  Supply Depot  
  53  5:32  SCV x2  
  53  5:34  Stimpack  
  53  5:35  Marine x4  
  57  5:36  Command Center  
  59  5:49  SCV x2  
  61  5:50  Marine x3  
  61  5:54  Siege Tank  
  67  6:01  SCV  
  69  6:11  SCV  
  69  6:12  Engineering Bay, Armory  
  69  6:20  SCV  
  70  6:41  Terran Infantry Weapons Level 1  
  70  6:44  Barracks  
  70  6:47  Marine x6, Medivac x2  
  70  6:48  Supply Depot  
  70  6:51  Orbital Command  
  80  6:57  Missile Turret  
  80  7:01  Supply Depot  
  80  7:02  Missile Turret  
  80  7:03  SCV x2  
  80  7:04  Missile Turret  
  80  7:05  Refinery, Marine x3  
  85  7:09  Marine x3  
  85  7:15  Supply Depot  
  88  7:16  Terran Infantry Armor Level 1  
  88  7:29  SCV x2  
  91  7:30  SCV  
  91  7:37  Barracks Reactor  
  91  7:39  Combat Shields  
  91  7:40  Barracks  
  91  7:41  SCV  
  92  7:50  Supply Depot  
  98  7:59  Medivac x2  
  95  8:18  SCV x2  
  95  8:19  Orbital Command  
  97  8:30  Barracks Reactor  
  97  8:31  Supply Depot  
  97  8:32  Supply Depot  
  97  8:34  Sensor Tower  
  97  8:41  Terran Infantry Weapons Level 2  
  97  8:43  Marine x3, Terran Ship Weapons Level 1  
  97  8:44  Marine x6  
  97  8:46  Sensor Tower  
  106  8:52  Siege Tank  
  109  9:02  Marine x3  
  110  9:03  Marine  
  113  9:16  Marine  
  113  9:17  Marine x4  
  114  9:18  SCV x3  
  121  9:28  Marine x3, Siege Tank  
  121  9:29  Marine  
  121  9:30  SCV  
  129  9:34  Marine  
  129  9:36  Medivac  
  129  9:37  Marine  
  133  9:40  Terran Infantry Armor Level 2  
  133  9:44  Supply Depot  
  133  9:47  Marine x2, Medivac  
  133  9:49  Marine x3  
  133  9:50  Marine  
  133  9:52  SCV x3  
  144  10:01  Marine  
  144  10:02  Marine x2  
  144  10:05  Marine x2  
  149  10:09  Marine  
  149  10:10  Marine x3  
  149  10:11  SCV  
  154  10:14  Starport  
  154  10:19  Armory  
  154  10:31  Liberator x2  
  154  10:39  Marine x3  
  157  10:48  Marine x2  
  165  10:50  Supply Depot x2, Marine x2  
  165  10:56  Starport Reactor  
  167  11:00  Marine x5  
  171  11:24  Marine x4  
  171  11:25  Marine x7  
  111  11:31  Liberator x3  
  118  11:33  Liberator  
  118  11:42  Marine x4  
  118  11:43  Marine x7  
  118  11:46  Command Center  
  141  12:04  Marine  
  141  12:05  Marine x7  
  141  12:06  Marine  
  141  12:07  Marine  
  151  12:14  Refinery x2  
  151  12:22  Marine  
  151  12:26  Liberator x4  
  164  12:45  Marine x5  
  164  12:46  Marine x2  
  171  13:18  Marine x2  
  171  13:19  Barracks, Marine x6  
  179  13:21  Starport  
  179  13:34  SCV x3  
  119  14:19  Liberator x2  
  119  14:20  Marine x4  
  119  14:21  Marine x7  
  130  14:38  Marine x5  
  137  14:39  Marine x6  
  147  14:55  Marine  
  147  14:56  Marine x5  
  147  14:57  Marine x5  
  158  15:12  Barracks Tech Lab  
  158  15:13  Marine  
  158  15:14  Marine x4  
  160  15:15  Planetary Fortress  
  160  15:21  Marine x6  
  169  15:31  Marine x2  
  169  15:32  Marine x3  
  174  15:38  Marine  
  174  15:39  Marine x5  
  180  15:49  Marine x4  
  182  15:50  Marine  
  182  15:56  Marine  
  130  16:21  Marine  
  130  16:22  Marine x11  
  86  16:39  Marine  
  83  16:40  Marine x11  
  83  16:57  Marine  
  83  16:58  Marine x7  
  54  17:46  Marine x10  
  54  17:47  Marine  
  54  17:49  Orbital Command  
  65  18:04  Marine x10  
  75  18:18  Marine  
  76  18:21  Marine  
  76  18:22  Marine x5  
  82  18:28  Liberator  
  82  18:29  Liberator  
  82  18:30  SCV  
  83  18:37  SCV  
  90  18:51  Medivac  
  90  18:52  Medivac  
  94  19:00  SCV x2  
  96  19:05  Refinery  
  96  19:07  Refinery  
  96  19:12  SCV  
  96  19:14  Barracks Reactor  
  97  19:34  Marine x2  
  97  19:35  Marine x6  
  97  19:36  Marine  
  97  19:37  Medivac x2  
  110  19:46  Marine  
  110  19:52  Marine x2  
  112  19:53  Orbital Command  
  113  20:01  SCV x2  
  115  20:13  SCV x2  
Show
View Real Time Build Order
Export as new Build Order

Mayday Zerg - Winner!

Build Orders: Pool First 

Get SALT Encoding   

  12  0:01  Drone  
  13  0:08  Drone  
  14  0:21  Extractor x2, Drone  
  14  0:22  Drone  
  16  0:36  Spawning Pool  
  16  0:41  Overlord  
  15  1:05  Drone  
  15  1:10  Hatchery, Drone  
  16  1:12  Drone  
  17  1:23  Zergling x2  
  18  1:28  Extractor  
  17  1:33  Drone  
  18  1:46  Drone  
  19  1:48  Hatchery  
  18  1:56  Roach Warren  
  18  2:00  Drone  
  18  2:04  Drone  
  19  2:23  Drone x3  
  19  2:24  Extractor  
  21  2:39  Drone  
  21  2:42  Drone  
  21  2:43  Drone x2  
  25  2:47  Queen  
  27  2:54  Drone  
  28  2:59  Drone  
  28  3:00  Drone  
  28  3:04  Queen  
  32  3:13  Queen  
  34  3:37  Overlord x2  
  34  4:06  Drone  
  34  4:07  Drone x8  
  43  4:26  Lair  
  42  5:10  Drone x6  
  42  5:13  Drone x2  
  50  5:14  Overlord x3  
  50  5:15  Overlord x4  
  50  5:23  Overseer  
  50  5:28  Extractor  
  50  5:29  Overlord x3, Extractor  
  50  5:32  Drone  
  50  5:33  Drone x4  
  53  5:38  Extractor  
  53  5:40  Extractor  
  53  5:42  Drone x2  
  53  5:52  Drone x3  
  56  6:40  Drone x3  
  56  6:42  Drone x3  
  56  6:43  Drone x2  
  56  6:44  Drone x3  
  67  6:47  Overseer  
  67  6:49  Baneling Nest  
  67  6:50  Evolution Chamber  
  67  6:51  Evolution Chamber  
  67  6:52  Drone x3  
  67  6:53  Drone x2  
  69  6:55  Drone x2  
  69  6:56  Drone x3  
  69  6:58  Drone x2  
  76  7:21  Zerg Ground Armor Level 1, Zerg Melee Weapons Level 1  
  76  7:25  Infestation Pit  
  75  7:32  Centrifical Hooks  
  75  7:34  Extractor  
  75  7:35  Hatchery, Zergling x2  
  75  7:36  Zergling x28  
  88  7:38  Extractor  
  87  7:44  Hatchery  
  87  7:51  Drone x3  
  89  7:52  Drone x3  
  92  7:58  Spore Crawler  
  91  8:08  Metabolic Boost  
  91  8:09  Hive  
  91  8:11  Spore Crawler  
  90  8:14  Overseer  
  90  8:28  Glial Reconstitution  
  90  8:30  Drone x3  
  90  8:31  Drone x6  
  90  8:32  Drone x4  
  90  8:33  Drone x3  
  106  9:17  Zerg Melee Weapons Level 2, Zerg Ground Armor Level 2  
  106  9:24  Spore Crawler  
  106  9:26  Ultralisk Cavern  
  106  9:28  Spine Crawler, Spore Crawler  
  106  9:30  Spore Crawler  
  106  9:31  Spine Crawler x2, Drone x3  
  101  9:33  Drone x4  
  101  9:34  Drone x4  
  101  9:37  Viper x5  
  125  10:01  Queen  
  125  10:04  Queen  
  129  10:28  Chitinous Plating  
  129  10:30  Pneumatized Carapace  
  129  10:32  Burrow  
  129  10:34  Zergling x2  
  129  10:35  Zergling x8  
  134  10:37  Overlord x4  
  134  10:38  Overlord x4  
  134  10:40  Baneling x8  
  134  10:41  Baneling x22  
  134  10:55  Ultralisk  
  134  10:56  Ultralisk x9  
  192  11:14  Spine Crawler  
  163  11:33  Hatchery  
  163  11:34  Drone x3  
  163  11:36  Drone x6  
  163  11:37  Drone x4  
  175  11:49  Queen  
  177  12:10  Queen  
  177  12:13  Adrenal Glands  
  177  12:14  Zerg Melee Weapons Level 3, Zerg Ground Armor Level 3  
  179  12:39  Spire  
  179  12:40  Spire x2, Drone x3  
  179  12:42  Drone x4  
  183  12:45  Extractor x2  
  183  12:48  Queen  
  183  13:23  Extractor  
  183  13:24  Hatchery  
  183  13:26  Tunneling Claws, Extractor  
  180  13:36  Zergling x2  
  180  13:37  Zergling x2  
  169  14:22  Corruptor x11  
  176  14:51  Zerg Missile Weapons Level 1  
  176  15:14  Queen  
  178  15:24  Zerg Flyer Armor Level 1, Zerg Flyer Weapons Level 1, Greater Spire  
  178  15:47  Ultralisk  
  178  15:48  Ultralisk  
  126  17:24  Zerg Flyer Weapons Level 2, Zerg Flyer Armor Level 2  
  102  17:55  Overlord  
  102  17:56  Overlord x3  
  102  18:20  Extractor  
  102  18:21  Extractor  
  102  18:22  Hatchery x2, Extractor  
  102  18:25  Extractor x2  
  102  18:26  Hatchery, Extractor  
  94  18:35  Drone x2  
  96  19:25  Ultralisk  
  96  19:26  Ultralisk x17  
  196  19:49  Queen  
  196  19:51  Drone  
  199  20:12  Hatchery, Extractor  
  199  20:13  Hatchery  
  196  20:17  Extractor  
  195  20:22  Corruptor  
  195  20:23  Corruptor  
  195  20:25  Hatchery  
Tags
 
Add a new tag
Caveats
  • Supply blocks, unpowered buildings, or Contaminate may cause inaccurate times.
  • Supply counts are checked every 10 seconds.